 Dungeon Crawl Stone Soup version 0.26-a0-651-gb41185065b (webtiles) character file.

Game seed: 10137779018884284109

(classic levelgen) 19686 EnegeticOcto the Cleaver (level 12, -5/114 HPs)
             Began as a Deep Dwarf Fighter on Oct 7, 2020.
             Was a High Priest of Uskayaw.
             Killed by divine providence
             ... invoked by an orc priest
             ... led by an orc warlord
              (11 damage)
             ... on level 2 of the Orcish Mines.
             The game lasted 00:06:42 (8566 turns).

EnegeticOcto the Cleaver (Deep Dwarf Fighter)       Turns: 8566, Time: 00:06:42

Health: -5/114     AC: 15    Str: 26    XL:     12   Next: 38%
Magic:  2/11       EV: 10    Int:  8    God:    Uskayaw [*****.]
Gold:   1250       SH: 13    Dex: 12    Spells: 11/11 levels left

rFire    + . .     SeeInvis .   b - +0 war axe (vamp)
rCold    . . .     Faith    .   c - +1 kite shield
rNeg     . . .     Spirit   .   A - +0 plate armour
rPois    .         Reflect  .   (no helmet)
rElec    .         Harm     .   H - +0 cloak
rCorr    .         Rampage  .   (no gloves)
MR       +....                  (no boots)
Stlth    ..........             (no amulet)
HPRegen  0.00/turn              l - +4 ring of evasion
MPRegen  0.12/turn              j - ring of protection from fire

@: non-regenerating, lightly drained
A: damage resistance, heal wounds, sense surroundings 2, no regeneration
a: Heal Wounds, Stomp, Line Pass, Grand Finale, Renounce Religion


You were on level 2 of the Orcish Mines.
You worshipped Uskayaw.
Uskayaw was noncommittal.
You visited 3 branches of the dungeon, and saw 14 of its levels.

You collected 1250 gold pieces.

Inventory:

Hand Weapons
 a - a +0 vorpal broad axe
 b - a +0 vampiric war axe (weapon)
Armour
 c - a +1 kite shield (worn)
 A - a +0 plate armour (worn)
 H - a +0 cloak (worn)
 I - a scarf of repulsion
Jewellery
 j - a ring of protection from fire (right hand)
 l - a +4 ring of evasion (left hand)
 s - an uncursed ring of see invisible
 z - an uncursed amulet of reflection {unknown}
Wands
 o - a wand of acid (8) {@v1}
 u - a wand of disintegration (12)
 w - a wand of polymorph (11)
 B - a wand of iceblast (9) {@v2}
 D - a wand of paralysis (9)
Scrolls
 g - 5 scrolls of remove curse {@r2}
 i - a scroll of noise {unknown}
 r - a scroll of fog
 t - 3 scrolls of blinking
 v - a scroll of magic mapping {@r5}
 y - 5 scrolls of teleportation {@r3}
 C - a scroll of fear
Potions
 d - 4 potions of might {@q3}
 e - 2 potions of magic
 f - a potion of mutation
 h - 2 potions of ambrosia
 k - a potion of stabbing {@q5}
 m - 5 potions of haste {@q4}
 n - 8 potions of curing {@q1}
 p - a potion of cancellation {unknown}
 q - 4 potions of brilliance {unknown}
 x - 4 potions of lignification {unknown}
 E - a potion of heal wounds {@q2}
 F - 2 potions of flight {unknown}


   Skills:
 * Level 9.2(9.0) Fighting
 * Level 13.1(12.9) Axes
 + Level 10.0(9.8) Armour
 + Level 10.1(9.9) Shields
 * Level 7.0(6.9) Invocations
 + Level 4.8(4.6) Evocations


You had 11 spell levels left.
You didn't know any spells.
Your spell library was empty.

Dungeon Overview and Level Annotations

Branches:
Dungeon (11/15)            Temple (1/1) D:6            Lair (0/6) D:11
    Orc (2/2) D:10
    Elf: Orc:2

Altars:
Ashenzari
Cheibriados
Dithmenos
Elyvilon
Fedhas
Gozag
Hepliaklqana
Kikubaaqudgha
Makhleb
Nemelex Xobeh
Okawaru
Qazlal
Ru
Sif Muna
Trog
Uskayaw
Vehumet
Wu Jian
Xom
Yredelemnul
Zin
The Shining One

Shops:
D:5 :

Annotations:
D:4 3 runed translucent doors, p0werm0de's ghost, amateur MiFi; tof's ghost, amateur HOMo
D:11 exclusions: oklob plant and oklob sapling
Orc:1 exclusion: door


Innate Abilities, Weirdness & Mutations

You are resistant to damage.
You can heal yourself by infusing magical energy.
You passively map the area around you.
You do not regenerate.


Message History

You are too injured to fight recklessly!
You are too injured to fight recklessly!
You are too injured to fight recklessly!
You are too injured to fight recklessly!
There are monsters nearby!
There are monsters nearby!
There are monsters nearby!
There are monsters nearby!
There are monsters nearby!
There are monsters nearby!
You feel much better.
The orc warrior is no longer sharing its pain.
The orc no longer looks unusually strong.
The troll is no longer sharing its pain.
The orc is no longer sharing its pain.
The orc priest no longer looks unusually strong. x2
The orc priest is no longer sharing its pain.
You block the deep elf mage's attack.
The deep elf mage mumbles some strange words.
The deep elf mage blinks!
The orc priest hits you but does no damage.
The warg barely misses you.
The orc warrior hits you from afar with a +2 halberd of freezing!
The orc warrior freezes you.
You feel much better.
The orc priest casts a cantrip, but nothing happens.
The ice beast hits you but does no damage.
You block the warg's attack.
The deep elf mage hits you but does no damage.
The orc priest misses you. You block the orc warrior's attack.
The deep elf mage casts a spell at you. The shard of ice hits you!
You hit the deep elf mage but do no damage.
The deep elf mage is almost dead.
You closely miss the warg. You closely miss the deep elf mage.
You hit the battlesphere. You hit the ice beast. You hit the orc warlord.
The orc priest no longer looks unusually strong.
You block the warg's attack.
The ice beast hits you but does no damage.
The deep elf mage hits you but does no damage.
The orc priest calls down the wrath of Beogh upon you.
Beogh smites you! The orc priest closely misses you.
You block the orc warlord's attack. The deep elf mage closely misses you.
Unknown command.
You stomp with the beat, sending a shockwave through the revelers around you!
The orc warlord is moderately wounded.
The deep elf mage is heavily wounded.
The warg is almost dead.
The ice beast is severely wounded.
You kill the deep elf mage!
The ice beast disappears in a puff of smoke! x2
Your life force feels restored.
Your Armour skill increases to level 10!
The deep elf mage is almost dead.
The orc warrior no longer looks unusually strong.
The orc no longer looks unusually strong.
The warg bites you!
The deep elf mage casts a spell.
The orc warrior hits you but does no damage.
The deep elf mage casts a spell.
The deep elf mage blinks!
You block the deep elf mage's attack. The orc priest barely misses you.
You block the warg's attack.
The deep elf mage gestures wildly while chanting.
You stomp with the beat, sending a shockwave through the revelers around you!
The orc warlord is heavily wounded.
The deep elf mage is severely wounded.
You kill the warg!
The orc warrior is moderately wounded.
The deep elf mage is almost dead.
The orc warrior no longer looks unusually strong.
The orc no longer looks unusually strong.
You block the orc warlord's attack.
The deep elf mage gestures wildly while chanting.
The deep elf mage blinks!
The orc warrior hits you from afar with a +2 halberd of freezing!
The orc warrior freezes you.
The deep elf mage casts a spell.
The deep elf mage blinks!
You block the deep elf mage's attack. You block the orc's attack.
The orc warrior hits you but does no damage.
The deep elf mage hits you but does no damage.
The orc priest hits you from afar with a +0 trident!
The hell rat bites you!
* * * LOW HITPOINT WARNING * * *
You feel drained.
* * * LOW HITPOINT WARNING * * *
You stomp with the beat, sending a shockwave through the revelers around you!
The orc warlord is severely wounded.
The deep elf mage is almost dead.
The deep elf mage is severely wounded.
The hell rat is heavily wounded.
The orc warrior is severely wounded.
You kill the deep elf mage!
The battlesphere dissipates.
Your base Invocations skill increases to level 7!
The soul eater draws from the surrounding life force!
* * * LOW HITPOINT WARNING * * *
The orc priest mumbles some strange prayers to Beogh against you.
Beogh smites you!
You die...

* , , , , ,, ,
.........., ,, ,,,
#......... ,, , *,
######.........,
,.......oo....e..
,
.....ooooo.E.....,
,
....oooEoE3.3....
, ,,
#...To)rooe......
, ##..○4e@o.......
, #.$...#es.......
, .......§....#..,
,, ,
..##.#.....#... ,
, * .* ##...<)##
.., * *#......# ,.
, #.#.#.).......
#....#.........
,,, ,
##....#........, ,


You could see an orc warlord, a soul eater (summoned), 3 earth elementals, a
hellwing (summoned), 4 deep elf magi, a troll, a sixfirhy (summoned), 4 orc
warriors, a redback (summoned), a hell rat (summoned), 4 orc priests and 6 orcs.

Vanquished Creatures
  Snorg (Orc:1)
  Erolcha (D:9)
  3 two-headed ogres
  Pikel (D:9)
  An orc sorcerer (Orc:2)
  4 deep elf magi (Orc:2)
  A manticore (D:11)
  An ugly thing (D:11)
  2 guardian serpents (D:10)
  Joseph (D:9)
  2 centaur skeletons (D:11)
  Maggie (D:6)
  A hornet (D:10)
  4 trolls
  4 hippogriffs
  10 yaks (D:11)
  A steam dragon (D:9)
  Menkaure (D:7)
  2 wargs
  An acid dragon (D:11)
  2 water moccasins
  6 porcupines (D:11)
  5 ice beasts
  2 phantoms
  12 orc warriors
  3 sky beasts
  A swamp drake (D:10)
  10 ogres
  7 centaurs
  4 lemures (D:9)
  2 crocodiles (D:11)
  2 big kobolds
  7 bullfrogs
  A water moccasin zombie (D:7)
  5 scorpions
  2 wyvern skeletons
  6 killer bees (D:11)
  2 howler monkeys (D:9)
  3 wights (D:9)
  A quasit (D:5)
  A bullfrog skeleton (D:10)
  4 hounds
  2 jellies
  A gnoll shaman (D:8)
  10 orc priests
  5 iguanas
  11 orc wizards
  6 worker ants
  A killer bee zombie (D:6)
  A worker ant zombie (D:5)
  11 gnolls
  A howler monkey skeleton (D:8)
  11 adders
  A shadow imp (D:6)
  3 white imps
  2 ufetubi
  3 oozes (D:3)
  2 adder skeletons
  2 adder zombies (D:5)
  2 dart slugs
  3 leopard geckos
  63 orcs
  3 giant cockroaches
  8 goblins
  7 hobgoblins
  9 jackals
  9 quokkas
  8 ball pythons
  4 bats
  3 frilled lizards
  2 jackal skeletons
  15 kobolds
  A leopard gecko skeleton (D:4)
  8 rats
349 creatures vanquished.

Vanquished Creatures (others)
  An unseen horror (D:11)
  41 fungi (D:11)
  63 plants
  4 toadstools (D:3)
  5 withered plants (D:4)
114 creatures vanquished.

Grand Total: 463 creatures vanquished

Notes
Turn   | Place    | Note
-------+----------+-------------------------------------------
     0 | D:1      | EnegeticOcto the Deep Dwarf Fighter began the quest for the
                  | Orb.
     0 | D:1      | Reached XP level 1. HP: 20/20 MP: 1/1
    88 | D:1      | Reached XP level 2. HP: 25/27 MP: 2/2
   399 | D:3      | Reached skill level 3 in Axes
   420 | D:3      | Reached XP level 3. HP: 25/33 MP: 3/3
   445 | D:4      | HP: 1/34 [orc/+0 hand axe (1)]
   454 | D:4      | Reached XP level 4. HP: 35/42 MP: 4/4
   521 | D:4      | Found a runed translucent gate.
   521 | D:4      | Found a runed translucent gate.
   521 | D:4      | Found a runed translucent gate.
   522 | D:4      | Noticed tof's ghost (amateur HOMo)
   523 | D:4      | Noticed p0werm0de's ghost (amateur MiFi)
   730 | D:4      | Reached skill level 4 in Axes
   730 | D:4      | Reached XP level 5. HP: 46/49 MP: 5/5
   751 | D:4      | Noticed a phantom
   809 | D:4      | Killed a phantom
   809 | D:4      | Reached XP level 6. HP: 48/56 MP: 6/6
  1054 | D:4      | Reached skill level 5 in Axes
  1201 | D:5      | Entered Level 5 of the Dungeon
  1254 | D:5      | Noticed a sky beast
  1266 | D:5      | Killed a sky beast
  1266 | D:5      | Reached XP level 7. HP: 48/64 MP: 7/7
  1267 | D:5      | Reached skill level 5 in Armour
  1267 | D:5      | Reached skill level 5 in Shields
  1372 | D:5      | Found Azuuggir's Book Shop.
  1380 | D:5      | Reached skill level 6 in Axes
  2018 | D:6      | Found a staircase to the Ecumenical Temple.
  2018 | D:6      | Noticed Maggie
  2045 | D:6      | Killed Maggie
  2045 | D:6      | Reached skill level 7 in Axes
  2045 | D:6      | Reached XP level 8. HP: 54/73 MP: 7/7
  2052 | Temple   | Entered the Ecumenical Temple
  2211 | D:6      | Identified a scroll of acquirement
  2211 | D:6      | Acquired a +0 vampiric war axe
  2318 | D:6      | Reached skill level 5 in Fighting
  2808 | D:7      | Reached skill level 8 in Axes
  3020 | D:7      | Noticed Menkaure
  3031 | D:7      | Killed Menkaure
  3031 | D:7      | Gained mutation: You passively map the area around you.
                  | [Deep Dwarf growth]
  3031 | D:7      | Reached XP level 9. HP: 62/81 MP: 8/8
  3276 | D:8      | Reached skill level 9 in Axes
  4628 | D:2      | Found a snail-covered altar of Cheibriados.
  4628 | D:2      | Found a shimmering blue altar of Sif Muna.
  4873 | D:2      | Found a glowing golden altar of the Shining One.
  5674 | D:9      | Noticed a two-headed ogre
  5684 | D:9      | Killed a two-headed ogre
  5684 | D:9      | Reached skill level 10 in Axes
  5684 | D:9      | Reached XP level 10. HP: 82/92 MP: 9/9
  5707 | D:9      | Noticed a two-headed ogre
  5711 | D:9      | Noticed Erolcha
  5721 | D:9      | Killed a two-headed ogre
  5745 | D:9      | Paralysed by Erolcha for 2 turns
  5761 | D:9      | Killed Erolcha
  5761 | D:9      | Reached skill level 11 in Axes
  5807 | D:9      | Noticed Joseph
  5831 | D:9      | Killed Joseph
  5866 | D:9      | Noticed Pikel
  5895 | D:9      | Killed Pikel
  5900 | D:9      | Found a burning altar of Makhleb.
  5902 | D:9      | Found a hide-covered altar of Uskayaw.
  5919 | D:9      | Found an ornate altar of the Wu Jian Council.
  6115 | D:9      | Found a blossoming altar of Fedhas.
  6116 | D:9      | Found an ancient bone altar of Kikubaaqudgha.
  6564 | D:10     | Entered Level 10 of the Dungeon
  6716 | D:10     | Noticed a guardian serpent
  6737 | D:10     | Killed a guardian serpent
  6737 | D:10     | Reached XP level 11. HP: 58/100 MP: 9/9
  6891 | D:10     | Reached skill level 12 in Axes
  6959 | D:10     | Noticed a two-headed ogre
  7004 | D:9      | Found a radiant altar of Vehumet.
  7004 | D:9      | Found a sacrificial altar of Ru.
  7008 | D:9      | Became a worshipper of Uskayaw the Reveler
  7117 | D:10     | Reached * piety under Uskayaw
  7120 | D:10     | Reached ** piety under Uskayaw
  7422 | D:10     | Reached *** piety under Uskayaw
  7432 | D:10     | Reached **** piety under Uskayaw
  7440 | D:10     | Reached skill level 1 in Invocations
  7469 | D:10     | Found a staircase to the Orcish Mines.
  7475 | D:10     | Reached skill level 1 in Evocations
  7483 | D:10     | Reached ***** piety under Uskayaw
  7592 | D:11     | Killed an unseen horror
  7629 | D:11     | Reached ****** piety under Uskayaw
  7705 | D:11     | Found a staircase to the Lair.
  7916 | D:11     | Noticed a white ugly thing
  7927 | D:11     | Killed a white ugly thing
  7927 | D:11     | Reached skill level 5 in Invocations
  8141 | D:11     | Noticed an oklob plant
  8223 | Orc:1    | Entered Level 1 of the Orcish Mines
  8223 | Orc:1    | Noticed Snorg
  8249 | Orc:1    | Killed Snorg
  8249 | Orc:1    | Reached XP level 12. HP: 54/112 MP: 11/11
  8361 | Orc:1    | Found a shimmering blue altar of Sif Muna.
  8526 | Orc:2    | Entered Level 2 of the Orcish Mines
  8526 | Orc:2    | Noticed a two-headed ogre
  8534 | Orc:2    | Killed a two-headed ogre
  8537 | Orc:2    | Reached skill level 13 in Axes
  8541 | Orc:2    | Noticed an orc warlord
  8544 | Orc:2    | Reached skill level 10 in Shields
  8564 | Orc:2    | Reached skill level 10 in Armour
  8566 | Orc:2    | Killed from afar by an orc priest

Illustrated notes

Levels and vault maps discovered:
D:1:      tarquinn_simple_flora_water_f, layout_basic,
          chequers_serial_rivers_small_a
D:2:      layout_loops_cross, nicolae_tso_swordbearing_angel,
          chequers_temple_overflow_statue_of_worship, minivault_26
D:3:      minmay_skewed_foursquare, layout_basic, minmay_gold_behind_fungi
D:4:      layout_basic, gammafunk_ghost_cemetery
D:5:      layout_basic, serial_shops, nicolae_shop_statue_plus
D:6:      layout_cave_pools, minmay_temple_entry_overgrown, minivault_19,
          uniq_maggie
D:7:      layout_basic, uniq_menkaure
D:8:      layout_layer_cave
D:9:      layout_basic, grunt_temple_overflow_growth_and_decay,
          nicolae_overflow_hidden_temple, lemuel_crystal_altar, uniq_joseph,
          uniq_erolcha, uniq_pikel
D:10:     nrook_guardian_serpent_snake_passage, layout_cave_pods, erik_orc_1
D:11:     layout_roguey, due_lair_maze_entry_diamond, introduction_to_nature_1
Temple:   minmay_temple_bridge_abc
Orc:1:    layout_caves, led_sif_book, uniq_snorg
Orc:2:    st_orc_ogre_mass, layout_caves, serial_shops, shop,
          elves_outpost_lemuel

Skill      XL: |  1  2  3  4  5  6  7  8  9 10 11 12 |
---------------+-------------------------------------+-----
Axes           | 3 4 5 7 8 10 11 12 13 | 13.1
Fighting       | 3 4 5 6 7 8 9 |  9.2
Armour         | 4 5 6 7 9 10 | 10.0
Shields        | 4 5 6 7 9 10 | 10.1
Invocations    | 5 7 |  7.0
Evocations     | 3 4 |  4.8

Action                   |  1- 3 |  4- 6 |  7- 9 | 10-12 || total
-------------------------+-------+-------+-------+-------++-------
Melee: War axe           |    78 |   103 |   255 |   576 ||  1012
       Broad axe         |       |       |   164 |       ||   164
Invok: Stomp             |       |       |       |     3 ||     3
 Abil: Heal Wounds       |     2 |     4 |     7 |    15 ||    28
  Use: Scroll            |       |     4 |     4 |    10 ||    18
 Stab: Paralysed         |       |       |       |    34 ||    34
Armor: Scale mail        |    23 |       |       |       ||    23
       Chain mail        |    36 |     2 |       |       ||    38
       Plate armour      |       |    37 |   194 |   233 ||   464
Dodge: Dodged            |    43 |    36 |   163 |   210 ||   452
Block: Kite shield       |    58 |    55 |   308 |   425 ||   846

Table legend: (Time is in decaauts)
 A = Elapsed time spent in this place.
 B = Non-inter-level travel time spent in this place.
 C = Inter-level travel time spent in this place.
 D = Time resting spent in this place.
 E = Time spent auto-exploring this place.
 F = Levels seen in this place.
 G = Mean time per level.
                   A        B        C        D        E       F      G
               +--------+--------+--------+--------+--------+-----+--------+
         Total |   8702 |   8037 |    665 |      0 |   5774 |  14 |  621.6 |
       Dungeon |   8250 |   7653 |    597 |      0 |   5560 |  11 |  750.0 |
        Temple |    119 |     61 |     58 |      0 |     20 |   1 |  119.0 |
  Orcish Mines |    332 |    323 |      9 |      0 |    194 |   2 |  166.0 |
               +--------+--------+--------+--------+--------+-----+--------+

Top non-repeatable levels by time:
     D:8: 1207 daAuts
    D:10: 1041 daAuts
     D:9: 961 daAuts
     D:5: 910 daAuts
     D:4: 853 daAuts
     D:2: 750 daAuts
     D:3: 628 daAuts
    D:11: 600 daAuts
     D:6: 598 daAuts
     D:7: 528 daAuts
   Orc:1: 296 daAuts
     D:1: 171 daAuts
  Temple: 119 daAuts
   Orc:2: 36 daAuts
